 Dungeon Crawl Stone Soup version 0.28-a0-925-gd5e1996cdb (webtiles) character file.

Game seed: 17664739133726558206

19808 AvatarAndi78 the Severer (level 12, -2/162 HPs)
             Began as a Palentonga Berserker on Nov 26, 2021.
             Was an Elder of Trog.
             Shot with an arrow by a centaur (4 damage)
             ... on level 12 of the Dungeon.
             The game lasted 00:38:06 (16246 turns).

AvatarAndi78 the Severer (Palentonga Berserker)    Turns: 16246, Time: 00:38:09

Health: -2/162     AC: 34    Str: 26    XL:     12   Next: 39%
Magic:  21/21      EV:  3    Int: 10    God:    Trog [****..]
Gold:   502        SH:  7    Dex: 14    Spells: 11/11 levels left

rFire   . . .      SeeInvis +   s - +1 broad axe of Triumph {protect, rElec rC+ MP+9 Stlth-}
rCold   + . .      Faith    +   x - +0 kite shield
rNeg    + . .      Spirit   .   b - +0 plate armour
rPois   .          Reflect  .   A - +1 hat {Int+3}
rElec   +          Harm     .   l - +0 cloak
rCorr   .          Rampage  .   d - +1 pair of gloves
Will    ++++.                   (no barding)
Stlth   ..........              k - amulet of faith
HPRegen 1.37/turn               m - +4 ring of protection
MPRegen 0.17/turn               y - ring of Molupn {Fly rN+ Will++ Dex+4}

@: mighty, berserking, strong-willed (expiring), under a protective aura,
flying, regenerating (expiring), curled up, very quick
A: large, rugged brown scales 3, see invisible, deformed body, roll 2, armoured
tail, reflexive curl, robust 1
a: Rolling Charge, Renounce Religion, Berserk, Trog's Hand, Brothers in Arms


You were on level 12 of the Dungeon.
You worshipped Trog.
Trog was greatly pleased with you.
You visited 1 branch of the dungeon, and saw 12 of its levels.
You also visited: Bailey.

You collected 797 gold pieces.
You spent 295 gold pieces at shops.

Inventory:

Hand Weapons
 e - a +2 vorpal executioner's axe
 h - a +4 long sword
 s - the +1 broad axe of Triumph (weapon) {protect, rElec rC+ MP+9 Stlth-}
   (You took it off an orc warrior in a bailey)

   It grants its wielder temporary protection when it strikes (+7 to AC).
   rC:        It protects you from cold.
   rElec:     It insulates you from electricity.
   MP:        It affects your magic capacity (+9).
   Stlth:     It makes you less stealthy.
Missiles
 c - 3 throwing nets
 t - a boomerang (quivered)
Armour
 b - a +0 plate armour (worn)
 d - a +1 pair of gloves (worn)
 l - a +0 cloak (worn)
 x - a +0 kite shield (worn)
 A - a +1 hat of intelligence (worn)
Jewellery
 i - a ring of protection from cold
 k - an amulet of faith (around neck)
 m - a +4 ring of protection (left hand)
 p - a ring of fire
 y - the ring of Molupn (right hand) {Fly rN+ Will++ Dex+4}
   (You acquired it on level 8 of the Dungeon)

   [ring of positive energy]

   Dex:       It affects your dexterity (+4).
   rN:        It protects you from negative energy.
   Fly:       It grants you flight.
   Will:      It greatly increases your willpower.
 D - an amulet of magic regeneration
 E - a ring of protection from fire
Wands
 u - a wand of mindburst (8)
 v - a wand of iceblast (12)
 C - a wand of digging (6)
 G - a wand of polymorph (8)
Scrolls
 a - 3 scrolls of blinking
 g - 4 scrolls of identify
 q - 5 scrolls of teleportation
 w - a scroll of magic mapping {unknown}
 B - a scroll of fear
 F - a scroll of fog {unknown}
Potions
 f - 3 potions of flight
 j - 2 potions of curing
 n - 3 potions of might
 o - a potion of heal wounds
 r - 2 potions of ambrosia
 z - 3 potions of haste


   Skills:
 + Level 8.3 Fighting
 * Level 16.7 Axes
 + Level 0.6 Throwing
 + Level 7.3 Armour
 + Level 2.8 Dodging
 + Level 1.2 Stealth
 + Level 1.2 Shields
 + Level 0.8 Evocations


You had 11 spell levels left.
You didn't know any spells.
Your spell library was empty.

Dungeon Overview and Level Annotations

Branches:
Dungeon (12/15)            Temple (0/1) D:6            Lair (0/6) D:11
 Bailey (visited)
    Orc: D:9-12

Altars:
Ashenzari
Dithmenos
Elyvilon
Gozag
Nemelex Xobeh
Okawaru
Qazlal
Ru
Uskayaw
Vehumet
Xom
Lugonu

Shops:
D:1 !   D:4 ?   D:6 !   D:11 ?

Portals:
Abyss: D:5


Innate Abilities, Weirdness & Mutations

You are completely covered in rugged brown scales. (AC +3, +7% HP)
You have supernaturally acute eyesight. (SInv)
Armour fits poorly on your strangely shaped body.
You can roll at foes to attack.
You have a long armoured tail.
You curl defensively after being hit. (AC +7*)
You are robust. (+10% HP)


Message History

Trog accepts your kill.
The centaur shoots an arrow.
The arrow hits you but does no damage.
You miss the vampire mosquito.
The vampire mosquito bites you but does no damage.
The centaur shoots an arrow.
You block the arrow.
You barely miss the vampire mosquito. You closely miss the vampire mosquito.
The vampire mosquito barely misses you.
The vampire mosquito bites you but does no damage.
The vampire mosquito bites you.
* * * LOW HITPOINT WARNING * * *
The vampire mosquito draws strength from your injuries!
The vampire mosquito bites you but does no damage.
You miss the vampire mosquito.
You barely miss the vampire mosquito. x2
You block the vampire mosquito's attack.
The vampire mosquito bites you but does no damage.
The vampire mosquito bites you!
* * * LOW HITPOINT WARNING * * *
The vampire mosquito draws strength from your injuries!
A basilisk comes into view.
You slash the vampire mosquito! You tail-slap the vampire mosquito!
The vampire mosquito is severely damaged.
You slice the vampire mosquito!!
You completely miss the vampire mosquito.
The vampire mosquito bites you but does no damage. x2
You block the vampire mosquito's attack.
The vampire mosquito barely misses you.
You slice the vampire mosquito!!
You destroy the vampire mosquito!
Trog accepts your kill.
You slash the vampire mosquito!
You destroy the vampire mosquito!
Trog accepts your kill.
You slash the vampire mosquito!
You feel the effects of Trog's Hand fading.
The vampire mosquito bites you but does no damage.
The vampire mosquito bites you.
* * * LOW HITPOINT WARNING * * *
The centaur wields a +1 shortbow of flaming.
It bursts into flame!
The centaur shoots an arrow.
The arrow hits you.
You die...

#.....(.###.#.# ...
......#.....#.# #l.
.....###....#.# #...
#....# #....#.#
##...##......##......#
.....#...###..#....###
......J.# #......#
#.?...y## ##.###.##
#c†@## ##...###.##
#cc#†.###..#......#


#cc ##....######.### ... ##..## ##.# ... #..# ### .. #..# . ...# ....# ####..
You could see a slime creature, a basilisk, a vampire mosquito and 5 centaurs.

Vanquished Creatures
  Gastronok (D:8)
  Harold (D:7)
  A centaur warrior (D:9)
  2 two-headed ogres (D:10)
  The ghost of bgiannan the Fighter, a novice MiFi (D:7)
  Pikel (D:7)
  An ugly thing (D:12)
  A gargoyle (D:11)
  2 kobold demonologists (Bailey)
  3 komodo dragons (D:11)
  5 trolls
  Prince Ribbit (D:9)
  3 slime creatures (D:12)
  2 hornets (D:9)
  A shadow (D:9)
  2 vampires
  2 wyverns
  A wraith (D:11)
  23 yaks
  2 basilisks
  Grum (D:8)
  4 vampire mosquitoes
  A steam dragon (D:9)
  A redback simulacrum (D:9)
  A water moccasin (D:6)
  An acid dragon (D:11)
  13 orc warriors
  An ice beast (D:5)
  2 hornet zombies
  A sky beast (D:6)
  2 ogres (D:4)
  3 wolves (D:8)
  2 centaurs
  A kobold brigand (D:8)
  3 bullfrogs (D:6)
  A gnoll sergeant (D:11)
  3 scorpions
  A water moccasin skeleton (D:5)
  7 killer bees (D:10)
  10 wights
  6 howler monkeys
  5 electric eels (Bailey)
  A bullfrog zombie (D:6)
  5 centaur zombies
  A hound (D:7)
  A jelly (D:3)
  2 orc priests
  2 bullfrog skeletons (D:6)
  3 centaur skeletons
  An iguana (D:6)
  9 orc wizards
  A centaur simulacrum (D:7)
  A hound zombie (D:5)
  A howler monkey zombie (D:6)
  13 gnolls
  2 adders
  A shadow imp (D:8)
  3 white imps
  2 adder skeletons (D:4)
  2 worms (D:3)
  2 dart slugs
  40 orcs
  2 bats
  7 endoplasms
  2 giant cockroaches
  16 goblins
  16 hobgoblins
  12 jackals
  15 kobolds
  3 quokkas
  3 ball pythons
  6 frilled lizards
  5 rats
306 creatures vanquished.

Vanquished Creatures (others)
  A fungus (D:4)
  A lurking horror (D:5)
  A plant (D:4)
3 creatures vanquished.

Grand Total: 309 creatures vanquished

Notes
Turn   | Place    | Note
-------+----------+-------------------------------------------
     0 | D:1      | AvatarAndi78 the Palentonga Berserker began the quest for
                  | the Orb.
     0 | D:1      | Reached XP level 1. HP: 19/19 MP: 1/1
    75 | D:1      | Found Vouran's Distillery.
   358 | D:1      | Reached XP level 2. HP: 23/25 MP: 2/2
   665 | D:1      | Found a faded altar of an unknown god.
  1085 | D:2      | Reached ** piety under Trog
  1086 | D:2      | Reached XP level 3. HP: 23/32 MP: 3/3
  2501 | D:3      | Reached skill level 4 in Axes
  2501 | D:3      | Reached XP level 4. HP: 37/39 MP: 4/4
  2554 | D:3      | Reached XP level 5. HP: 44/44 MP: 5/5
  3409 | D:3      | Found a radiant altar of Vehumet.
  3559 | D:4      | Noticed an ogre
  3569 | D:4      | Killed an ogre
  3681 | D:4      | Reached XP level 6. HP: 51/51 MP: 6/6
  3730 | D:4      | Found Juorgh's Magic Scroll Shoppe.
  3733 | D:4      | Bought a scroll of identify for 24 gold pieces
  3733 | D:4      | Bought a scroll of identify for 24 gold pieces
  3733 | D:4      | Bought a scroll of identify for 24 gold pieces
  3733 | D:4      | Bought a scroll of identify for 24 gold pieces
  3733 | D:4      | Bought a scroll of identify for 24 gold pieces
  3735 | D:4      | Identified a scroll of acquirement
  3743 | D:4      | Acquired a +1 vorpal executioner's axe
  3805 | D:4      | Reached skill level 5 in Axes
  4034 | D:4      | Found a sacrificial altar of Ru.
  4170 | D:5      | Entered Level 5 of the Dungeon
  4230 | D:5      | Reached skill level 6 in Axes
  4230 | D:5      | Gained mutation: You curl defensively after being hit. (AC
                  | +7*) [Palentonga growth]
  4230 | D:5      | Reached XP level 7. HP: 58/58 MP: 7/7
  4536 | D:5      | Found a one-way gate to the infinite horrors of the Abyss.
  4539 | D:5      | Found a corrupted altar of Lugonu.
  4768 | D:5      | Found a sparkling altar of Nemelex Xobeh.
  4842 | D:5      | Found a white marble altar of Elyvilon.
  4866 | D:5      | Reached skill level 7 in Axes
  5016 | D:6      | Reached skill level 5 in Fighting
  5218 | D:6      | Reached XP level 8. HP: 64/66 MP: 8/8
  5221 | D:6      | Reached skill level 8 in Axes
  5229 | D:6      | HP: 3/62 [wight (2)]
  5229 | D:6      | HP: 1/62 [centaur (2)]
  5579 | D:6      | Reached *** piety under Trog
  5666 | D:6      | Found Owuir's Distillery.
  5672 | D:6      | Bought a potion of heal wounds for 55 gold pieces
  5824 | D:6      | Found a staircase to the Ecumenical Temple.
  5863 | D:6      | Reached skill level 9 in Axes
  7065 | D:7      | Reached XP level 9. HP: 63/72 MP: 9/9
  7073 | D:7      | Reached skill level 10 in Axes
  7310 | D:7      | Found a runed translucent gate.
  7310 | D:7      | Found a runed translucent gate.
  7310 | D:7      | Found a runed translucent gate.
  7311 | D:7      | Noticed bgiannan's ghost (novice MiFi)
  7331 | D:7      | Noticed Pikel
  7343 | D:7      | Killed Pikel
  7355 | D:7      | Gained mutation: Your mind is acute. (Int +2) [potion of
                  | mutation]
  7355 | D:7      | Gained mutation: Your mind is very acute. (Int +4) [potion
                  | of mutation]
  7355 | D:7      | Gained mutation: You do not regenerate when monsters are
                  | visible. [potion of mutation]
  7616 | D:7      | Noticed Harold
  7627 | D:7      | Killed Harold
  7628 | D:7      | Reached skill level 11 in Axes
  7871 | D:8      | Found a broken altar of Ashenzari.
  7931 | D:8      | Reached skill level 5 in Armour
  8080 | D:8      | Found a flagged portal.
  8122 | Bailey   | Entered a bailey
  8445 | Bailey   | Found an iron altar of Okawaru.
  8445 | Bailey   | Noticed a kobold demonologist
  8445 | Bailey   | Noticed a kobold demonologist
  8477 | Bailey   | Killed a kobold demonologist
  8478 | Bailey   | Reached skill level 12 in Axes
  8478 | Bailey   | Reached XP level 10. HP: 30/81 MP: 10/10
  8747 | Bailey   | Identified the +1 broad axe of Triumph {protect, rElec rC+
                  | MP+9 Stlth-}
  8784 | Bailey   | Reached **** piety under Trog
  9824 | D:8      | Acquired the ring of Molupn {Fly rN+ Will++ Dex+4}
  9920 | D:8      | Reached skill level 13 in Axes
 10560 | D:8      | Noticed Grum
 10575 | D:8      | Killed Grum
 10582 | D:8      | Reached skill level 1 in Stealth
 10686 | D:8      | Found a shimmering altar of Xom.
 10686 | D:8      | Found an opulent altar of Gozag.
 10688 | D:8      | Found a hide-covered altar of Uskayaw.
 10688 | D:8      | Found a stormy altar of Qazlal.
 10755 | D:8      | Noticed Gastronok
 10773 | D:8      | Killed Gastronok
 11100 | D:9      | Noticed a centaur warrior
 11101 | D:9      | Found a shadowy altar of Dithmenos.
 11107 | D:9      | Killed a centaur warrior
 11108 | D:9      | Reached skill level 14 in Axes
 11108 | D:9      | Reached XP level 11. HP: 88/88 MP: 11/11
 11900 | D:9      | Reached skill level 15 in Axes
 12202 | D:9      | Noticed Prince Ribbit
 12220 | D:9      | Killed Prince Ribbit
 12296 | D:10     | Entered Level 10 of the Dungeon
 12740 | D:10     | Noticed a two-headed ogre
 12746 | D:10     | Killed a two-headed ogre
 13187 | D:10     | Found an iron altar of Okawaru.
 13586 | D:10     | Noticed a two-headed ogre
 13596 | D:10     | Killed a two-headed ogre
 14035 | D:11     | Reached skill level 16 in Axes
 14147 | D:11     | Found Zoodyar's Magic Scroll Emporium.
 14152 | D:11     | Bought a scroll of blinking for 120 gold pieces
 14199 | D:11     | Reached XP level 12. HP: 85/98 MP: 12/12
 14891 | D:11     | Found a staircase to the Lair.
 14896 | D:11     | Reached ***** piety under Trog
 15469 | D:7      | Reached skill level 1 in Shields
 15477 | D:7      | Killed bgiannan's ghost
 16058 | D:12     | Lost mutation: You do not regenerate when monsters are
                  | visible. [potion of mutation]
 16058 | D:12     | Lost mutation: Your mind is very acute. (Int +4) [potion of
                  | mutation]
 16058 | D:12     | Gained mutation: You are weak. (Str -2) [potion of
                  | mutation]
 16058 | D:12     | Gained mutation: You are partially covered in iridescent
                  | scales. (AC +2) [potion of mutation]
 16058 | D:12     | Gained mutation: You can roll at foes to attack. [potion of
                  | mutation]
 16059 | D:12     | Lost mutation: You are partially covered in iridescent
                  | scales. (AC +2) [potion of mutation]
 16059 | D:12     | Lost mutation: You are weak. (Str -2) [potion of mutation]
 16059 | D:12     | Lost mutation: Your mind is acute. (Int +2) [potion of
                  | mutation]
 16059 | D:12     | Gained mutation: You are robust. (+10% HP) [potion of
                  | mutation]
 16240 | D:12     | HP: 8/162 [centaur/arrow (7)]
 16244 | D:12     | HP: 2/162 [vampire mosquito (7)]
 16246 | D:12     | Shot with an arrow by a centaur

Illustrated notes

Levels and vault maps discovered:
D:1:      dpeg_arrival_refuge, layout_basic, basic_ecumenical_altar,
          serial_shops, nicolae_shop_stone, hex_medium, minmay_circled_x
D:2:      layout_loops_ring, minivault_4, solitary_fountain
D:3:      layout_basic, mainiacjoe_overflow_boulevard
D:4:      layout_rooms, mainiacjoe_overflow_tiny_flanked, serial_shops,
          kennysheep_mini_moat, serial_bayou, serial_bayou_pond_e,
          serial_bayou_pond_c, serial_bayou_shore_a, serial_bayou_pond_d
D:5:      layout_rooms, old_standard_altar, nemelex_altar_shiori,
          amcnicky_altar_lugonu_corruption
D:6:      layout_layer_cave, minmay_temple_entry_waves, serial_shops,
          nicolae_square_shop, serial_park_tiny_1, minmay_small_thing
D:7:      layout_basic, gammafunk_ghost_necromancy, dk_noncrumbling_3,
          corexii_leaking_fountain, uniq_harold, uniq_pikel
D:8:      layout_loops_corners, ashenzari_altar_1, mainiacjoe_overflow_alcove_3,
          enter_bailey_3, sigmund_army, uniq_gastronok, uniq_grum
D:9:      layout_loops_corners, nicolae_dithmenos_shadow_blocks,
          uniq_prince_ribbit1
D:10:     layout_layer_cave, okawaru_metal_pillars_1_2, nrook_loot_triangle
D:11:     layout_rooms, erik_lair_dragon, serial_shops,
          nicolae_shop_hallway_plus
D:12:     layout_layer_cave, kennysheep_orc_monster_closet_entryway,
          vehumet_crystals

Skill      XL: |  1  2  3  4  5  6  7  8  9 10 11 12 |
---------------+-------------------------------------+-----
Dodging        | 2 |  2.8
Axes           | 4 6 7 9 12 14 16 | 16.7
Fighting       | 4 5 6 7 8 |  8.3
Armour         | 2 3 5 7 |  7.3
Stealth        | 1 |  1.2
Shields        | 1 |  1.2
Throwing       | |  0.6
Evocations     | |  0.8

Action                   |  1- 3 |  4- 6 |  7- 9 | 10-12 || total
-------------------------+-------+-------+-------+-------++-------
Melee: War axe           |   121 |    69 |       |       ||   190
       Hand axe          |     4 |       |       |       ||     4
       Tailslap          |    16 |     8 |    28 |    79 ||   131
       Executioner's axe |       |    29 |   216 |    15 ||   260
       Broad axe         |       |       |       |   447 ||   447
Throw: Boomerang         |       |       |       |    21 ||    21
Invok: Berserk           |     3 |     5 |     6 |     8 ||    22
       Trog's Hand       |       |     2 |     8 |    11 ||    21
 Abil: Rolling Charge    |       |       |       |     1 ||     1
Evoke: Wand              |       |       |     3 |     8 ||    11
  Use: Scroll            |       |     8 |     9 |     4 ||    21
       Potion            |       |       |     7 |     5 ||    12
 Stab: Sleeping          |     1 |       |       |       ||     1
Armor: Animal skin       |    60 |     2 |       |       ||    62
       Plate armour      |       |    61 |   311 |   336 ||   708
       Ring mail         |       |     3 |       |       ||     3
Dodge: Dodged            |    96 |    29 |   105 |   100 ||   330
Block: Kite shield       |       |       |       |    50 ||    50

Table legend: (Time is in decaauts)
 A = Elapsed time spent in this place.
 B = Non-inter-level travel time spent in this place.
 C = Inter-level travel time spent in this place.
 D = Time resting spent in this place.
 E = Time spent auto-exploring this place.
 F = Levels seen in this place.
 G = Mean time per level.
                   A        B        C        D        E       F      G
               +--------+--------+--------+--------+--------+-----+--------+
         Total |  16646 |  15742 |    904 |      0 |  13340 |  13 | 1280.5 |
       Dungeon |  14877 |  13973 |    904 |      0 |  11919 |  12 | 1239.8 |
        Bailey |   1769 |   1769 |      0 |      0 |   1421 |   1 | 1769.0 |
               +--------+--------+--------+--------+--------+-----+--------+

Top non-repeatable levels by time:
  Bailey: 1769 daAuts
    D:10: 1763 daAuts
     D:8: 1599 daAuts
     D:6: 1566 daAuts
     D:2: 1507 daAuts
     D:9: 1332 daAuts
    D:11: 1332 daAuts
     D:3: 1153 daAuts
     D:1: 1051 daAuts
     D:7: 1026 daAuts
     D:5: 975 daAuts
     D:4: 952 daAuts
    D:12: 613 daAuts
